AoeStats
← 穿山甲

Hill Fort

506121724Analyzed
4v4 RM · 19d ago on Sep 12, 2026· 43m 34s· 8 players
Game mode
Random Map
Map size
Large (8 player)
Population
200
Speed
Normal
Resources
Standard
Victory
Conquest
Starting age
Dark Age
Ending age
Imperial Age
RankedLock teamsTeams togetherTeam positionsShared explorationLock speedFull tech treeHidden civsTurbo modeCheats
Victory
Defeat
🇨🇳 Britons · China
1554
+15
1547
+15
🇨🇳 Japanese · China
1445
+19
🇨🇳 Aztecs · China
1407
+22
🇹🇼 Spanish · Taiwan
1532
-18
🇹🇼 Muisca · Taiwan
1531
-18
🇨🇳 Malay · China
1529
-18
🇹🇼 Tatars · Taiwan
1501
-17
Coriandrum sativum
11:02 Feudal Age
14:50 Castle Age
12:34 Horse Collar
13:27 Double-Bit Axe
16:02 Bow Saw
15:52 Heavy Plow
21:19 Wheelbarrow
22:49 Gold Mining
24:06 Loom
24:54 Stone Mining
27:51 Imperial Age
26:12 Stone Shaft Mining
26:55 Hand Cart
27:20 Scale Barding Armor
27:25 Forging
28:41 Chain Barding Armor
28:30 Elite Leitis
29:48 Conscription
29:42 Bloodlines
29:32 Husbandry
30:20 Iron Casting
30:50 Plate Barding Armor
30:51 Iron Casting
33:08 Crop Rotation
33:18 Coinage
34:51 Two-Man Saw
34:30 Fletching
穿山甲
11:32 Feudal Age
12:32 Loom
15:24 Castle Age
14:09 Double-Bit Axe
15:08 Forging
14:58 Scale Mail Armor
15:06 Gold Mining
15:50 Eagle Warrior
16:58 Horse Collar
19:12 Arson
20:07 Town Watch
22:37 Chain Mail Armor
26:02 Squires
29:56 Wheelbarrow
32:12 Bow Saw
32:03 Heavy Plow
34:41 Stone Mining
38:06 Imperial Age
36:22 Iron Casting
37:26 Fletching
38:02 Caravan
38:55 Coinage
39:16 Garland Wars
38:20 Elite Eagle Warrior
39:31 Plate Mail Armor
40:02 Blast Furnace
40:56 Hand Cart
41:01 Man-at-Arms
41:27 Gambesons
YiTiaoQu
11:18 Feudal Age
15:01 Castle Age
13:48 Loom
14:07 Double-Bit Axe
14:05 Horse Collar
16:58 Town Watch
17:46 Medium Warships
26:47 Demolition Ship
30:37 Wheelbarrow
31:10 Fletching
33:02 Bodkin Arrow
34:04 Ballistics
34:28 Bow Saw
36:11 Siphons
39:23 Imperial Age
38:09 Murder Holes
39:25 Heavy Demolition Ship
40:48 Hand Cart
40:44 Bracer
41:53 Chemistry
41:44 Heavy Warships
41:35 Gold Mining
41:35 Stone Mining
41:35 Gold Mining
41:35 Stone Mining
43:52 Conscription
instant cereal
9:01 Feudal Age
9:29 Loom
10:09 Man-at-Arms
15:09 Town Watch
16:48 Wheelbarrow
16:08 Fletching
22:01 Castle Age
20:25 Arson
21:37 Horse Collar
22:41 Bodkin Arrow
23:08 Double-Bit Axe
25:05 Bow Saw
25:29 Gold Mining
27:41 Ballistics
28:15 Padded Archer Armor
28:32 Hand Cart
30:50 Husbandry
31:01 Bloodlines
34:34 Gold Shaft Mining
38:54 Imperial Age
38:14 Leather Archer Armor
39:01 Thumb Ring
39:44 Bracer
39:08 Heavy Cavalry Archer
42:30 Ring Archer Armor
43:44 Parthian Tactics
Sunny Day
9:55 Feudal Age
11:44 Loom
15:36 Castle Age
15:42 Fletching
15:38 Double-Bit Axe
21:21 Bodkin Arrow
22:22 Town Watch
24:50 Ballistics
25:28 Horse Collar
27:07 Padded Archer Armor
27:54 Wheelbarrow
28:12 Gold Mining
34:57 Imperial Age
33:34 Squires
33:35 Scale Mail Armor
33:45 Forging
34:56 Chain Mail Armor
35:06 Elite Temple Guard
37:29 Plate Mail Armor
37:10 Capped Ram
38:54 Heavy Plow
經典永不退流行
11:47 Feudal Age
15:24 Loom
15:27 Loom
18:49 Castle Age
17:33 Double-Bit Axe
22:22 Fletching
30:52 Padded Archer Armor
32:01 Wheelbarrow
34:11 Leather Archer Armor
34:51 Bodkin Arrow
41:54 Imperial Age
soundness27
13:19 Feudal Age
17:07 Castle Age
14:58 Double-Bit Axe
15:12 Horse Collar
15:57 Loom
18:16 Bow Saw
18:53 Wheelbarrow
33:30 Imperial Age
32:24 Hand Cart
31:54 Town Watch
33:12 Fletching
33:23 Padded Archer Armor
33:54 Ballistics
34:06 Heavy Cavalry Archer
35:52 Chemistry
34:55 Bodkin Arrow
35:16 Leather Archer Armor
39:06 Bracer
39:22 Gold Mining
40:20 Ring Archer Armor
40:01 Husbandry
40:40 Bloodlines
NorthOrigin
8:47 Feudal Age
7:54 Loom
8:56 Double-Bit Axe
15:30 Town Watch
17:33 Fishing Lines
25:10 Castle Age
24:32 Forging
25:05 Medium Warships
33:15 Imperial Age
31:49 Siphons
31:55 Careening
33:18 Heavy Warships
35:02 Clinker Construction
35:15 Dry Dock
35:31 Bow Saw
36:23 Thalassocracy
37:46 Shipwright
38:02 Fletching
38:49 Iron Casting
39:04 Clinker Construction
40:49 Coinage
42:04 Pikeman
42:45 Squires
43:47 Blast Furnace
Connection lost

Rejoining the realm…

Still unreachable

The connection could not be restored.

Session expired

The server has moved on; the page needs a fresh start.